 Dungeon Crawl Stone Soup version 0.23.2-40-g277498a001 (webtiles) character file.

Game seed: 15360357614793558859

469 Kikorro the Cudgeler (level 7, 0/44 HPs)
             Began as a Gargoyle Berserker on Sept 1, 2019.
             Was a Believer of Trog.
             Slain by a gnoll (4 damage)
             ... on level 3 of the Dungeon.
             The game lasted 00:12:51 (3492 turns).

Kikorro the Cudgeler (Gargoyle Berserker)           Turns: 3492, Time: 00:12:52

Health: 0/44       AC: 16    Str: 22    XL:     7   Next: 9%
Magic:  7/7        EV: 10    Int:  8    God:    Trog [**....]
Gold:   181        SH:  0    Dex:  9    Spells: 6/6 levels left

rFire    . . .     SeeInvis .   a - +0 mace
rCold    + + .     Gourm    .   (no shield)
rNeg     + . .     Faith    .   r - +0 ice dragon scales
rPois    ∞         Spirit   .   m - +1 hat
rElec    +         Reflect  .   (no cloak)
rCorr    .         Harm     .   (no gloves)
MR       .....                  (no boots)
Stlth    ..........             o - amulet of magic regeneration
HPRegen  0.14/turn              q - ring of protection from fire
MPRegen  0.35/turn              (no ring)

@: no status effects
A: negative energy resistance 1, electricity resistance, unbreathing,
petrification resistance, rot immunity, AC +4
a: Berserk, Trog's Hand, Renounce Religion


You were on level 3 of the Dungeon.
You worshipped Trog.
Trog was pleased with you.
You were hungry.

You visited 1 branch of the dungeon, and saw 4 of its levels.

You collected 181 gold pieces.

Inventory:

Hand Weapons
 a - a +0 mace (weapon)
Missiles
 k - 53 arrows
Armour
 m - a +1 hat (worn)
 r - +0 ice dragon scales (worn)
Jewellery
 o - an amulet of magic regeneration (around neck)
 q - a ring of protection from fire (left hand)
Wands
 l - a wand of disintegration (18)
Scrolls
 e - a scroll of amnesia {unknown}
 h - a scroll of magic mapping
 i - a scroll of fog {unknown}
 n - a scroll of immolation {unknown}
 p - a scroll of remove curse
Potions
 b - 4 potions of might
 d - a potion of lignification {unknown}
 f - 2 potions of curing
 g - a potion of resistance
Comestibles
 c - 6 rations
 j - a chunk of flesh


   Skills:
 + Level 4.6 Fighting
 + Level 5.6 Maces & Flails
 + Level 4.3 Armour
 + Level 2.5 Dodging
 + Level 0.3 Stealth


You had 6 spell levels left.
You didn't know any spells.
Your spell library was empty.

Dungeon Overview and Level Annotations

Branches:
Dungeon (4/15)
 Temple: D:4-7

Altars:
Makhleb


Innate Abilities, Weirdness & Mutations

You are resistant to torment.
Your stone body is resilient. (AC +4)
You are immune to poison.
You resist negative energy. (rN+)
You are resistant to electric shocks. (rElec)
You can survive without breathing.
You are immune to petrification.
You are immune to rotting.


Message History

You barely miss the gnoll.
The gnoll is moderately wounded.
The gnoll hits you but does no damage.
You hit the gnoll.
The gnoll is heavily wounded.
The gnoll barely misses you.
You hit the gnoll but do no damage.
The gnoll is heavily wounded.
The gnoll closely misses you.
You hit the gnoll.
The gnoll is almost dead.
The gnoll hits you.
* * * LOW HITPOINT WARNING * * *
You barely miss the gnoll.
The gnoll is almost dead.
The gnoll closely misses you.
You barely miss the gnoll.
The gnoll is almost dead.
The gnoll hits you but does no damage. The gnoll hits you.
You die...

####.#.........# #.#
#..............####..
#................##.#
#........###≈###.##.#
####.#...#.#≈#.#....≈
#...###.#≈#.###..≈
#.#.....#≈#.......
#g#.###.#≈#.###...
#######@....#.#≈#.#..=..
######...........###≈###.##..
#...........................≈
######.......##.###.#.##.##..
#######.##.# #.#.##.##..
#.##.###.......#..
#.##.##....##..#..
#.##.##..#.##..#.#
############.##.............#


You could see a gnoll.

Vanquished Creatures
  Sigmund (D:3)
  Eustachio (D:4)
  An orc priest (D:3)
  An orc wizard (D:3)
  A gnoll (D:1)
  4 adders
  2 oozes
  A worm (D:2)
  2 dart slugs
  A leopard gecko (D:2)
  4 orcs
  7 giant cockroaches
  8 goblins (D:1)
  6 hobgoblins
  2 quokkas
  A ball python (D:2)
  9 bats
  3 frilled lizards
  9 kobolds
  9 rats
73 creatures vanquished.

Notes
Turn   | Place    | Note
-------+----------+-------------------------------------------
     0 | D:1      | Kikorro the Gargoyle Berserker began the quest for the Orb.
     0 | D:1      | Reached XP level 1. HP: 14/14 MP: 1/1
   208 | D:1      | Reached XP level 2. HP: 19/19 MP: 2/2
   426 | D:1      | Reached XP level 3. HP: 17/24 MP: 3/3
   847 | D:1      | You fall through a shaft!
   857 | D:2      | Reached ** piety under Trog
  1167 | D:1      | Reached XP level 4. HP: 28/29 MP: 4/4
  1475 | D:2      | Reached skill level 4 in Maces & Flails
  1948 | D:3      | Found a burning altar of Makhleb.
  2181 | D:4      | Identified the amulet "Xuecigyi" {Faith -Tele +Fly MR++
                  | Dex+3}
  2192 | D:3      | Reached XP level 5. HP: 25/33 MP: 5/5
  2607 | D:3      | Noticed Sigmund
  2625 | D:3      | Killed Sigmund
  2625 | D:3      | Reached skill level 5 in Maces & Flails
  2625 | D:3      | Reached XP level 6. HP: 39/39 MP: 6/6
  3419 | D:4      | Noticed Eustachio
  3439 | D:4      | Killed Eustachio
  3439 | D:4      | Reached XP level 7. HP: 42/44 MP: 7/7
  3456 | D:4      | Identified the +2 leather armour "Xeugud" {+Blink rF+
                  | Str+2}
  3492 | D:3      | Slain by a gnoll

Skill      XL: |  1  2  3  4  5  6 |
---------------+-------------------+-----
Dodging        | 2 |  2.5
Fighting       | 4 |  4.6
Maces & Flails | 4 5 |  5.6
Armour         | 3 4 |  4.3
Stealth        | |  0.3

Action                   |  1- 3 |  4- 6 |  7- 9 || total
-------------------------+-------+-------+-------++-------
Melee: Mace              |   127 |   149 |    19 ||   295
Invok: Berserk           |       |     1 |       ||     1
  Use: Scroll            |       |     7 |       ||     7
  Eat: Chunk             |     1 |     8 |       ||     9
Armor: Animal skin       |    32 |       |       ||    32
       Ring mail         |    26 |    54 |       ||    80
       Ice dragon scales |       |    36 |    10 ||    46
Dodge: Dodged            |    93 |    96 |    19 ||   208
